 Dungeon Crawl Stone Soup version 0.31-a0-1074-g0b22e4e0f1 (webtiles) character file.

Game seed: 16176794127094239946

91 pokeman the Magician (level 4, -5/25 HPs)
             Began as a Deep Elf Hedge Wizard on Dec 2, 2023.
             Slain by an orc wizard
             ... wielding a +1 dagger of electrocution
              (15 damage)
             ... on level 4 of the Dungeon.
             The game lasted 00:04:59 (3044 turns).

pokeman the Magician (Deep Elf Hedge Wizard)        Turns: 3044, Time: 00:05:00

Health: -5/25      AC:  5    Str:  7    XL:     4   Next: 33%
Magic:  3/13       EV: 12    Int: 21    God:
Gold:   213        SH:  0    Dex: 14    Spells: 2/14 levels left

rFire   . . .        a - +0 dagger
rCold   . . .        (no shield)
rNeg    . . .        b - +0 robe
rPois   .            o - +0 helmet
rElec   .            (no cloak)
rCorr   .            (no gloves)
SInv    .            r - +1 pair of boots
Will    .....        (no amulet)
Stlth   ++           (no ring)
HPRegen 0.24/turn    (no ring)
MPRegen 0.13/turn

%: no passive effects
@: no status effects
A: no striking features
a: no special abilities


You were on level 4 of the Dungeon.
You visited 1 branch of the dungeon, and saw 4 of its levels.

You collected 213 gold pieces.

Inventory:

Hand Weapons
 a - a +0 dagger (weapon)
Armour
 b - a +0 robe (worn)
 o - a +0 helmet (worn)
 r - a +1 pair of boots (worn)
Magical Staves
 k - a staff of fire
 w - a staff of poison
Scrolls
 f - a scroll of enchant weapon {unknown}
 g - a scroll of immolation {unknown}
 j - a scroll of summoning {unknown}
 m - 3 scrolls of identify {unknown}
 n - 2 scrolls of noise {unknown}
 p - a scroll of torment {unknown}
 u - a scroll of amnesia {unknown}
 x - a scroll of revelation {unknown}
 y - a scroll of vulnerability {unknown}
Potions
 c - a potion of lignification {unknown}
 d - a potion of magic
 e - a potion of might {unknown}
 h - a potion of cancellation {unknown}
 i - a potion of attraction {unknown}
 l - a potion of heal wounds {unknown}
 q - 2 potions of curing {unknown}
 s - a potion of degeneration {unknown}
 t - 2 potions of mutation {unknown}
 v - a potion of haste {unknown}


   Skills:
 - Level 1.0 Fighting
 - Level 1.0 Armour
 + Level 2.6 Dodging
 + Level 2.7 Stealth
 * Level 5.7 Spellcasting
 + Level 2.1 Conjurations
 - Level 1.1 Summonings
 - Level 1.1 Translocations


You had 2 spell levels left.
You knew the following spells:

 Your Spells              Type           Power      Damage    Failure   Level
a - Magic Dart            Conj           60%        1d6       4%          1
b - Mephitic Cloud        Conj/Pois/Air  9%         N/A       22%         3
c - Call Imp              Summ           20%        N/A       10%         2
d - Blink                 Tloc           20%        N/A       10%         2
e - Flame Wave            Conj/Fire      10%        2d6       54%         4

Your spell library contained the following spells:

 Spells                   Type           Power      Damage    Failure   Level
 Slow                     Hex            24%        N/A       10%         1
 Cigotuvi's Dreadful Rot  Necr/Pois/Air  12%        N/A       16%         2
 Scorch                   Fire           12%        2d5       16%         2
 Summon Cactus Giant      Summ           5%         N/A       100%        6


Dungeon Overview and Level Annotations

Branches:
Dungeon (4/15)
 Temple: D:4-7

Altars:
Cheibriados
Ru


Message History

The hound barely misses the orc wizard.
The orc wizard hits you with a +1 dagger of electrocution.
The orc priest is engulfed in noxious fumes.
Unknown command.
You barely miss the orc wizard.
The hound bites the orc wizard.
The orc priest is engulfed in noxious fumes.
The orc priest appears confused.
Unknown command.
You barely miss the orc wizard.
The orc wizard is lightly wounded.
The orc wizard hits you with a +1 dagger of electrocution.
You are electrocuted!
Unknown command.
Casting: Mephitic Cloud (extremely dangerous; 22% risk of failure)
Confirm with . or Enter, or press ? or * to list all spells.
Aiming: Magic Dart (safe; 4% risk of failure)
Press: ? - help, Shift-Dir - straight line, f - orc wizard
Aim: an orc wizard, wielding a +1 dagger of electrocution and wearing a +0 robe (lightly wounded, 100% to hit)
The magic dart hits the orc wizard.
The orc wizard is moderately wounded.
The orc wizard hits you but does no damage.
Casting: Magic Dart (safe; 4% risk of failure)
Confirm with . or Enter, or press ? or * to list all spells.
Aiming: Magic Dart (safe; 4% risk of failure)
Press: ? - help, Shift-Dir - straight line, f/p - orc wizard
Aim: an orc wizard, wielding a +1 dagger of electrocution and wearing a +0 robe (moderately wounded, 100% to hit)
The magic dart hits the orc wizard.
The orc wizard is heavily wounded.
The orc wizard hits you with a +1 dagger of electrocution.
Casting: Magic Dart (safe; 4% risk of failure)
Confirm with . or Enter, or press ? or * to list all spells.
Aiming: Magic Dart (safe; 4% risk of failure)
Press: ? - help, Shift-Dir - straight line, f/p - orc wizard
Aim: an orc wizard, wielding a +1 dagger of electrocution and wearing a +0 robe (heavily wounded, 100% to hit)
The magic dart hits the orc wizard.
The orc wizard is severely wounded.
The orc wizard hits you with a +1 dagger of electrocution.
You are electrocuted!
Ouch! That really hurt!
You die...

#.######..#........ ...
#.#................ ...#
#..................
#....###..........<.....
..... #........##.<....
...... #...........###..
......##.h......#### ..
...†............#
#.#####@o.......#
#.###.#.<.# #.# ......
#..!..#####.. ....###>.#
...... #.#


.hoo. ... o.oo. ... ..Jo ##. You could see a hound (confused) and an orc wizard.

Vanquished Creatures
  2 adders
  A dart slug (D:1)
  An orc (D:4)
  2 ball pythons (D:1)
  9 bats
  8 endoplasms
  9 goblins
  4 hobgoblins
  4 jackals (D:2)
  A quokka (D:1)
  4 frilled lizards
  14 kobolds
  4 rats
63 creatures vanquished.

Notes
Turn   | Place    | Note
-------+----------+-------------------------------------------
     0 | D:1      | pokeman the Deep Elf Hedge Wizard began the quest for the
                  | Orb.
     0 | D:1      | Reached XP level 1. HP: 10/10 MP: 7/7
   266 | D:1      | Reached XP level 2. HP: 16/16 MP: 6/9
   662 | D:1      | Reached skill level 5 in Spellcasting
   916 | D:1      | Reached XP level 3. HP: 20/20 MP: 9/11
   920 | D:1      | Learned a level 3 spell: Mephitic Cloud
   923 | D:1      | Learned a level 2 spell: Call Imp
   926 | D:1      | Learned a level 2 spell: Blink
  1484 | D:2      | Reached skill level 1 in Fighting
  1484 | D:2      | Reached skill level 1 in Armour
  2245 | D:3      | Reached XP level 4. HP: 25/25 MP: 11/13
  2256 | D:3      | Learned a level 4 spell: Flame Wave
  2320 | D:3      | Found a sacrificial altar of Ru.
  2340 | D:3      | Found a faded altar of an unknown god.
  2397 | D:3      | Found a snail-covered altar of Cheibriados.
  3044 | D:4      | Slain by an orc wizard

Illustrated notes

Levels and vault maps discovered:
D:1:      lemuel_arrival_funnel, layout_basic
D:2:      layout_rooms
D:3:      layout_loops_ring, general_overflow_altar, lemuel_tele_altar,
          shapermc_ecumenical_altar_notcrosses, kennysheep_path_1,
          moated_statue, lexackson_kobold_supper
D:4:      layout_rooms, fedhas_altar_1, kennysheep_doodads

Skill      XL: |  1  2  3 |
---------------+----------+-----
Spellcasting   | 5 |  5.7
Fighting       | 1 |  1.0
Armour         | 1 |  1.0
Conjurations   | 2 |  2.1
Dodging        | |  2.6
Stealth        | |  2.7
Summonings     | |  1.1
Translocations | |  1.1

Action                     |  1- 3 |  4- 6 || total
---------------------------+-------+-------++-------
  Melee: Dagger            |     2 |     4 ||     6
   Cast: Magic Dart        |   109 |    30 ||   139
         Mephitic Cloud    |       |     2 ||     2
 Armour: Robe              |     6 |     9 ||    15
  Dodge: Dodged            |    13 |     3 ||    16

Table legend: (Time is in decaauts)
 A = Elapsed time spent in this place.
 B = Non-inter-level travel time spent in this place.
 C = Inter-level travel time spent in this place.
 D = Time resting spent in this place.
 E = Time spent auto-exploring this place.
 F = Levels seen in this place.
 G = Mean time per level.
                   A        B        C        D        E       F      G
               +--------+--------+--------+--------+--------+-----+--------+
         Total |   3044 |   2964 |     80 |     59 |   2560 |   4 |  761.0 |
       Dungeon |   3044 |   2964 |     80 |     59 |   2560 |   4 |  761.0 |
               +--------+--------+--------+--------+--------+-----+--------+

Top non-repeatable levels by time:
     D:1: 1081 daAuts
     D:3: 1017 daAuts
     D:2: 884 daAuts
     D:4: 61 daAuts
